 Dungeon Sprint DCSS version 0.21-a0-346-g330ab2c (webtiles) character file.

3269 Kidiri the Fighter (level 9, -8/139 HPs)
             Began as a White Draconian Berserker on Oct 5, 2017.
             Was a High Priest of Trog.
             Mangled by a spriggan rider
             ... wielding a +0 spear
              (19 damage)
             ... in the Dungeon (Sprint VII: "The Pits").
             The game lasted 00:07:47 (1335 turns).

Kidiri the Fighter (White Draconian Berserker)      Turns: 1335, Time: 00:07:48

Health: -8/139     AC:  7    Str: 30    XL:     9   Next: 68%
Magic:  9/9        EV: 18    Int: 10    God:    Trog [*****.]
Gold:   0          SH:  0    Dex: 12    Spells: 8/8 levels left

rFire    . . .     SeeInvis .   a - +1 great mace (venom)
rCold    + . .     Gourm    .   (shield currently unavailable)
rNeg     . . .     Faith    .   (armour unavailable)
rPois    .         Spirit   .   (helmet restricted)
rElec    .         Reflect  .   (no cloak)
rCorr    .         Harm     .   (no gloves)
MR       .....     NoTele   +   (no boots)
Stlth    ..........             (no amulet)
HPRegen  0.33/turn              p - +3 ring of strength
MPRegen  0.11/turn              q - +3 ring of intelligence

@: berserking, short of breath, drained, very quick
A: breathe frost, unfitting armour, cold resistance 1, cold-blooded, AC +7
a: Breathe Frost, Berserk, Trog's Hand, Brothers in Arms, Burn Spellbooks,
Renounce Religion


You were in the Dungeon.
You worshipped Trog.
Trog was extremely pleased with you.
You were not hungry.

You visited 1 branch

Inventory:

Hand Weapons
 a - a +1 great mace of venom (weapon)
 n - a +0 shortbow
 w - a +3 dagger
Missiles
 o - 6 needles of sleeping
 u - 23 arrows
Armour
 x - a +0 robe
Jewellery
 p - a +3 ring of strength (left hand)
 q - a +3 ring of intelligence (right hand)
Scrolls
 h - a scroll of blinking
 j - 3 scrolls of remove curse
 k - a scroll of summoning
Potions
 c - 10 potions of curing
 d - 9 potions of heal wounds
 e - a potion of haste
 f - 4 potions of magic
 g - 3 potions of berserk rage
 i - 2 potions of invisibility
 r - 2 potions of agility
 s - a potion of brilliance
 t - a potion of resistance
Comestibles
 b - 8 bread rations
 l - 28 fruits
 m - 7 meat rations
 v - 3 chunks of flesh
 z - an inedible chunk of flesh


   Skills:
 * Level 13.2(12.5) Fighting
 * Level 12.3(11.6) Maces & Flails
 + Level 8.0(7.3) Throwing
 * Level 11.3(10.7) Dodging


You had 8 spell levels left.
You didn't know any spells.

Dungeon Overview and Level Annotations

Branches:
Dungeon (1/1)

Altars:
Ashenzari
Cheibriados
Dithmenos
Elyvilon
Fedhas
Gozag
Hepliaklqana
Kikubaaqudgha
Makhleb
Nemelex Xobeh
Okawaru
Qazlal
Ru
Sif Muna
Trog
Uskayaw
Vehumet
Wu Jian
Xom
Yredelemnul
Zin
The Shining One
Beogh
Jiyva
Lugonu


Innate Abilities, Weirdness & Mutations

You can breathe waves of freezing cold.
You can buffet flying creatures when you breathe cold.
Your icy white scales are hard. (AC +7)
You cannot fit into any form of body armour.
Your flesh is cold resistant. (rC+)
You are cold-blooded and may be slowed by cold attacks.


Message History

You sock the blink frog!
You kill the blink frog!
Trog accepts your kill.
Your Throwing skill increases to level 8!
The spriggan rider misses you.
Unknown command.
Things that are here:
a kobold skeleton; a jackal skeleton Unknown command.
You barely miss the spriggan rider. You tail-slap the spriggan rider!!
The spriggan rider is moderately wounded.
The spriggan rider misses you.
Unknown command.
You hit the spriggan rider.
The spriggan rider is poisoned.
The spriggan rider is moderately wounded.
The eidolon stares piercingly at you. The bolt of negative energy hits you!
You feel drained.
* * * LOW HITPOINT WARNING * * *
The spriggan rider hits you with a spear!!
You die...

####+#####''######
#.......##''### #######
#.......##..).##..'...#
#.......##...##...#..# .
#...<...##..##...##..#..
#.......##..#...##.†.'..
#.......##.)+..##....###
#.......##.##..#%WF....#
############..†)@i......
######### #....#†...####
...#..[[##..#..##..##
)..#..[[##.###.. #.'..
...+..))### ##.. .##..#
%..#..))# .. .. ##
...#..))# .. #..
######### ### ###


You could see an eidolon, a spriggan rider and a blink frog.

Vanquished Creatures
  A manticore (D)
  A hellwing (D)
  A kobold demonologist (D)
  A freezing wraith (D)
  A jumping spider (D)
  2 blink frogs (D)
  Grinder (D)
  A tarantella (D)
  A vampire mosquito (D)
  A porcupine (D)
  A necrophage (D)
  A centaur (D)
  A crimson imp (D)
  A gnoll shaman (D)
  An iron imp (D)
  A hell rat (D)
  4 gnolls (D)
  An ufetubus (D)
  3 oozes (D)
  2 orcs (D)
  A bat (D)
  2 giant cockroaches (D)
  A goblin (D)
  7 jackals (D)
  2 rats (D)
40 creatures vanquished.

Vanquished Creatures (collateral kills)
  A hellwing (D)
  A red devil (D)
  A blink frog (D)
  3 vampire mosquitoes (D)
  An orc warrior (D)
  An earth elemental (D)
  2 orc wizards (D)
  An orc priest (D)
  A gnoll (D)
  A river rat (D)
  2 orcs (D)
  A goblin (D)
16 creatures vanquished.

Grand Total: 56 creatures vanquished

Notes
Turn   | Place    | Note
-------+----------+-------------------------------------------
     0 | D        | Kidiri the Draconian Berserker began the quest for the Orb.
     0 | D        | Reached XP level 1. HP: 19/19 MP: 1/1
    49 | D        | Found a bloodstained altar of Trog.
    49 | D        | Found a deep blue altar of Sif Muna.
    49 | D        | Found a viscous altar of Jiyva.
    49 | D        | Found a hazy altar of Hepliaklqana.
    49 | D        | Found an opulent altar of Gozag.
    50 | D        | Found a glowing golden altar of the Shining One.
    50 | D        | Found a glowing silver altar of Zin.
    50 | D        | Found a basalt altar of Yredelemnul.
    50 | D        | Found a shimmering altar of Xom.
    50 | D        | Found an ornate altar of the Wu Jian Council.
    50 | D        | Found a sacrificial altar of Ru.
    50 | D        | Found a stormy altar of Qazlal.
    50 | D        | Found an iron altar of Okawaru.
    50 | D        | Found a sparkling altar of Nemelex Xobeh.
    50 | D        | Found a burning altar of Makhleb.
    50 | D        | Found a blossoming altar of Fedhas.
    50 | D        | Found a white marble altar of Elyvilon.
    50 | D        | Found a shadowy altar of Dithmenos.
    50 | D        | Found a snail-covered altar of Cheibriados.
    52 | D        | Found a radiant altar of Vehumet.
    52 | D        | Found a corrupted altar of Lugonu.
    52 | D        | Found a roughly hewn altar of Beogh.
    53 | D        | Found a hide-covered altar of Uskayaw.
    53 | D        | Found an ancient bone altar of Kikubaaqudgha.
    53 | D        | Found a shattered altar of Ashenzari.
    71 | D        | Reached ** piety under Trog
    71 | D        | Reached skill level 4 in Fighting
    71 | D        | Reached skill level 1 in Throwing
    71 | D        | Reached XP level 2. HP: 27/27 MP: 2/2
    98 | D        | Reached *** piety under Trog
   139 | D        | Reached **** piety under Trog
   139 | D        | Reached XP level 3. HP: 35/35 MP: 3/3
   214 | D        | Noticed an orc warrior
   214 | D        | Noticed Grinder
   221 | D        | Reached skill level 5 in Fighting
   229 | D        | Reached skill level 5 in Maces & Flails
   229 | D        | Reached XP level 4. HP: 33/42 MP: 4/4
   231 | D        | Killed an orc warrior
   231 | D        | Reached skill level 6 in Fighting
   231 | D        | Reached skill level 5 in Dodging
   232 | D        | Reached ***** piety under Trog
   234 | D        | Reached XP level 5. HP: 27/51 MP: 5/5
   239 | D        | Received a gift from Trog
   246 | D        | Killed Grinder
   246 | D        | Reached skill level 8 in Fighting
   246 | D        | Reached XP level 6. HP: 17/61 MP: 6/6
   464 | D        | Noticed a porcupine
   469 | D        | Killed a porcupine
   559 | D        | Noticed a tarantella
   572 | D        | Killed a tarantella
   572 | D        | Received a gift from Trog
   572 | D        | Reached skill level 9 in Fighting
   572 | D        | Reached skill level 5 in Throwing
   572 | D        | Your scales start taking on an icy white colour.
   572 | D        | Reached XP level 7. HP: 51/70 MP: 7/7
   572 | D        | Gained mutation: Your flesh is cold resistant. (rC+) [White Draconian growth]
   688 | D        | Noticed a vampire mosquito
   688 | D        | Noticed a vampire mosquito
   688 | D        | Noticed a vampire mosquito
   689 | D        | Noticed a vampire mosquito
   692 | D        | Killed a vampire mosquito
   693 | D        | Killed a vampire mosquito
   693 | D        | Received a gift from Trog
   693 | D        | Reached skill level 10 in Fighting
   696 | D        | Killed a vampire mosquito
   699 | D        | Killed a vampire mosquito
   822 | D        | Noticed a red devil
   822 | D        | Noticed a manticore
   829 | D        | Killed a manticore
   829 | D        | Reached skill level 11 in Fighting
   829 | D        | Reached skill level 10 in Maces & Flails
   829 | D        | Reached XP level 8. HP: 82/82 MP: 8/8
   832 | D        | Killed a red devil
   855 | D        | Noticed a blink frog
   856 | D        | Noticed a blink frog
   856 | D        | Noticed a blink frog
   980 | D        | Noticed a hellwing
   990 | D        | Killed a hellwing
   990 | D        | Received a gift from Trog
   990 | D        | Reached skill level 10 in Dodging
  1285 | D        | Reached skill level 12 in Fighting
  1286 | D        | Noticed a freezing wraith
  1290 | D        | Killed a freezing wraith
  1290 | D        | Reached ****** piety under Trog
  1290 | D        | Reached XP level 9. HP: 77/89 MP: 9/9
  1296 | D        | Noticed a kobold demonologist
  1308 | D        | Noticed a hellwing
  1310 | D        | Noticed a hellwing
  1310 | D        | Killed a kobold demonologist
  1310 | D        | Received a gift from Trog
  1316 | D        | Killed a hellwing
  1320 | D        | Reached skill level 13 in Fighting
  1321 | D        | Noticed a jumping spider
  1324 | D        | Noticed an eidolon
  1325 | D        | Noticed a spriggan rider
  1326 | D        | Killed a jumping spider
  1335 | D        | Mangled by a spriggan rider

Vault maps used:
D:        pitsprint

Skill      XL: |  1  2  3  4  5  6  7  8  9 |
---------------+----------------------------+-----
Dodging        | 3 4 5 6 7 9 10 11 | 11.3
Fighting       | 4 5 6 8 9 11 12 13 | 13.2
Throwing       | 1 2 3 4 5 6 7 8 |  8.0
Maces & Flails | 4 5 6 7 8 10 11 12 | 12.3

Action                   |  1- 3 |  4- 6 |  7- 9 || total
-------------------------+-------+-------+-------++-------
Melee: Mace              |    27 |       |       ||    27
       Flail             |     8 |    17 |    17 ||    42
       Tailslap          |       |     3 |    12 ||    15
       Great mace        |       |       |    48 ||    48
Invok: Berserk           |     1 |     1 |     4 ||     6
       Brothers in Arms  |     1 |       |     3 ||     4
       Trog's Hand       |     1 |       |     1 ||     2
 Abil: Breathe Frost     |       |       |     4 ||     4
  Use: Potion            |       |       |     1 ||     1
 Stab: Sleeping          |     2 |       |       ||     2
  Eat: Fruit             |       |       |    12 ||    12
Armor: Skin              |     6 |     5 |    10 ||    21
Dodge: Dodged            |    29 |    13 |    97 ||   139

Table legend:
 A = Spawn XP
 B = Non-spawn XP
 C = Spawn XP percentage of total XP
 D = Spawn monster count
 E = Non-spawn monster count
 F = Spawn count percentage of total count
 G = Total turns spent on level
                    A         B        C        D         E        F      G
               +---------+---------+-------+---------+---------+-------+---------
         Total |       0 |    4670 |   0.0 |       0 |      56 |   0.0 |  1335
               +---------+---------+-------+---------+---------+-------+---------
             D |       0 |    4670 |   0.0 |       0 |      56 |   0.0 |  1335
               +---------+---------+-------+---------+---------+-------+---------
